 Dungeon Crawl Stone Soup version 0.28.0-53-g5a82cb258f (webtiles) character file.

Game seed: 15919489330173492458

9769 DocClef the Blocker (level 11, -8/80 HPs)
             Began as a Gnoll Fighter on June 28, 2022.
             Was a Priest of Hepliaklqana.
             Mangled by a black mamba (15 damage)
             ... on level 1 of the Lair of Beasts.
             The game lasted 00:13:41 (13344 turns).

DocClef the Blocker (Gnoll Fighter)                Turns: 13344, Time: 00:13:42

Health: -8/80      AC: 10    Str: 21    XL:     11   Next: 51%
Magic:  29/29      EV: 18    Int:  9    God:    Hepliaklqana [***...]
Gold:   729        SH:  0    Dex: 13    Spells: 22/22 levels left

rFire   . . .      SeeInvis .   J - +0 triple sword (flame)
rCold   + . .      Faith    .   (shield currently unavailable)
rNeg    . . .      Spirit   .   e - +0 steam dragon scales
rPois   +          Reflect  .   (no helmet)
rElec   .          Harm     .   D - +1 cloak
rCorr   .          Rampage  .   (no gloves)
Will    .....                   k - +0 pair of boots
Stlth   +++.......              K - amulet of the acrobat
HPRegen 0.23/turn               m - ring of Nobility {rC+ MP+9 EV+4 Str+2}
MPRegen 0.21/turn               q - ring of poison resistance

@: no status effects
A: reduced essence, fangs 1, strong nose, distributed training, clever 1
a: Renounce Religion, Recall Ancestor, Ancestor Identity, Transference


You were on level 1 of the Lair of Beasts.
You worshipped Hepliaklqana.
Hepliaklqana was most pleased with you.
You visited 3 branches of the dungeon, and saw 13 of its levels.

You collected 729 gold pieces.

Inventory:

Hand Weapons
 a - a +0 flail
 h - a +2 hand axe of electrocution
 J - a +0 triple sword of flaming (weapon)
Missiles
 j - 5 silver javelins (quivered)
Armour
 c - a +0 buckler
 e - +0 steam dragon scales (worn)
 k - a +0 pair of boots (worn)
 s - a +3 ring mail
 D - a +1 cloak (worn)
Jewellery
 m - the ring of Nobility (left hand) {rC+ MP+9 EV+4 Str+2}
   (You found it on level 9 of the Dungeon)

   [ring of evasion]

   EV:        It affects your evasion (+4).
   Str:       It affects your strength (+2).
   rC:        It protects you from cold.
   MP:        It affects your magic capacity (+9).
 q - a ring of poison resistance (right hand)
 r - the ring of the Endless Expanse {rN+ Int+4 SInv}
   (You found it on level 1 of the Lair of Beasts)

   [ring of positive energy]

   Int:       It affects your intelligence (+4).
   rN:        It protects you from negative energy.
   SInv:      It lets you see invisible.
 B - a ring of willpower
 C - a ring of willpower
 G - an amulet of magic regeneration
 H - a +4 ring of protection
 K - an amulet of the acrobat (around neck)
 M - a ring of see invisible
Wands
 i - a wand of flame (16)
 l - a wand of acid (6)
 F - a wand of iceblast (10)
 I - a wand of paralysis (5)
Scrolls
 f - 6 scrolls of identify
 n - a scroll of fog
 p - 7 scrolls of teleportation
 u - 2 scrolls of brand weapon
 w - 2 scrolls of magic mapping
 y - 2 scrolls of immolation
Potions
 d - 2 potions of might
 g - 4 potions of haste
 o - 2 potions of curing
 t - a potion of lignification
 v - a potion of ambrosia {unknown}
 x - 3 potions of degeneration
 z - a potion of heal wounds
 A - 3 potions of attraction
 E - a potion of resistance {unknown}
 L - a potion of brilliance {unknown}


   Skills:
 + Level 9.2 Fighting
 + Level 6.3 Short Blades
 + Level 6.3 Long Blades
 + Level 6.3 Axes
 + Level 7.9 Maces & Flails
 + Level 6.3 Polearms
 + Level 6.3 Staves
 + Level 6.3 Slings
 + Level 6.3 Bows
 + Level 6.3 Crossbows
 + Level 6.3 Throwing
 + Level 9.2 Armour
 + Level 6.3 Dodging
 + Level 6.3 Stealth
 + Level 9.2 Shields
 + Level 6.3 Unarmed Combat
 + Level 6.3 Spellcasting
 + Level 5.2 Conjurations
 + Level 5.2 Hexes
 + Level 5.2 Summonings
 + Level 5.2 Necromancy
 + Level 5.2 Translocations
 + Level 5.2 Transmutations
 + Level 5.2 Fire Magic
 + Level 5.2 Ice Magic
 + Level 5.2 Air Magic
 + Level 5.2 Earth Magic
 + Level 5.2 Poison Magic
 + Level 7.0 Invocations
 + Level 6.3 Evocations


You had 22 spell levels left.
You didn't know any spells.
Your spell library contained the following spells:

 Spells                   Type           Power      Damage    Failure   Level
 Apportation              Tloc           24%        N/A       2%          1
 Magic Dart               Conj           48%        1d5       2%          1
 Corpse Rot               Necr/Air       24%        N/A       3%          2
 Poisonous Vapours        Pois/Air       24%        N/A       3%          2
 Searing Ray              Conj           24%        2d5       3%          2
 Confusing Touch          Hex            12%        N/A       8%          3
 Fulminant Prism          Conj/Hex       6%         3d7       24%         4
 Sticky Flame             Conj/Fire      12%        2d4       24%         4
 Summon Lightning Spire   Summ/Air       12%        N/A       24%         4
 Alistair's Intoxication  Tmut/Pois      8%         N/A       56%         5
 Blade Hands              Tmut           6%         N/A       56%         5
 Borgnjor's Vile Clutch   Necr/Erth      6%         N/A       56%         5
 Irradiate                Conj/Tmut      6%         3d15      56%         5
 Yara's Violent Unravell  Hex/Tmut       6%         3d5       56%         5
 Conjure Ball Lightning   Conj/Air       6%         3x3d6     98%         6
 Eringya's Noxious Bog    Tmut/Pois      6%         N/A       98%         6
 Dragon Form              Tmut           6%         N/A       100%        7
 Enfeeble                 Hex            6%         N/A       100%        7
 Storm Form               Tmut/Air       6%         N/A       100%        7
 Maxwell's Capacitive Co  Air            6%         ∞         100%        8


Dungeon Overview and Level Annotations

Branches:
Dungeon (11/15)            Temple (1/1) D:6            Lair (1/6) D:10
    Orc (0/2) D:11

Altars:
Ashenzari
Cheibriados
Dithmenos
Elyvilon
Fedhas
Gozag
Hepliaklqana
Kikubaaqudgha
Makhleb
Nemelex Xobeh
Okawaru
Qazlal
Ru
Sif Muna
Trog
Uskayaw
Vehumet
Wu Jian
Xom
Yredelemnul
Zin
The Shining One
Jiyva

Shops:
D:4 *   D:6 *

Annotations:
D:9 3 runed translucent doors, Sin92's ghost, journeyman MiFi


Innate Abilities, Weirdness & Mutations

Your life essence is reduced to manifest your ancestor. (-10% HP)
You have very sharp teeth.
Your uncanny sense of smell can sniff out nearby items.
Your experience applies equally to all skills.
Your mind is acute. (Int +2)


Message History

Cynebald hits the black mamba with a +0 flail!
The black mamba dies!
The water moccasin moves out of view.
Your Invocations skill increases to level 7!
You feel sick.
The black mamba completely misses you. x2
You see here a black mamba corpse.
Unknown command.
You swap places.
You feel sick.
The black mamba bites Cynebald!
The black mamba closely misses Cynebald.
What are your orders? t - Bark!
Orders for allies: a - Attack new target. r - Retreat! s - Stop attacking. g - Guard the area. f - Follow me.
Anything else - Cancel.
Retreat in which direction?
Press: ? - help, Dir - move target Fall back!
You feel sick.
You are no longer poisoned.
Cynebald blocks the black mamba's attack.
You slice the black mamba!! You burn the black mamba.
The black mamba is heavily wounded.
The black mamba closely misses you. The black mamba bites you!
* * * LOW HITPOINT WARNING * * *
Unknown command.
You closely miss the black mamba.
The black mamba is heavily wounded.
The black mamba bites you!
* * * LOW HITPOINT WARNING * * *
The black mamba bites you but does no damage.
The black mamba misses you.
Unknown command.
You closely miss the black mamba.
The black mamba is heavily wounded.
The black mamba completely misses you.
Cynebald closely misses the black mamba.
The black mamba bites you but does no damage.
Cynebald hits the black mamba with a +0 flail!
The black mamba bites you!
You die...

##### #....#......
##...###### ####....#......
##.###.....####†......#......
#.## ###....#..###...........
#.# #####..## #.......[...
#.######## ##.# #....P......
##.#R#...###### #....###.###
#.....#...##R# #...........
####.#.###.@S## #...........
##### ####S# ###########.
#..# ## ∆ #..# ∆ #.## .## #


You could see the friendly Cynebald the knight, a black mamba (ally target) and
a water moccasin.

Vanquished Creatures
  An ugly thing (D:9)
  2 cane toads (Lair:1)
  2 shadows
  5 yaks
  2 wyverns
  Grum (D:9)
  A vampire mosquito (D:10)
  2 acid dragons (D:9)
  A warg (D:10)
  4 water moccasins
  2 orc warriors
  A black bear (D:6)
  2 ogres
  2 centaurs
  2 wolves (D:8)
  3 kobold brigands
  2 bullfrogs
  A gnoll sergeant (D:8)
  2 scorpions
  5 killer bees (D:8)
  7 wights
  2 howler monkeys
  The ghost of Kranky the Thaumaturge, a weakling GnWn (D:3)
  An electric eel (D:11)
  A hound (D:6)
  3 centaur zombies
  2 jellies (D:4)
  5 orc priests
  A bullfrog skeleton (D:6)
  2 centaur skeletons (D:6)
  An iguana (D:5)
  3 orc wizards
  A killer bee zombie (D:8)
  A howler monkey zombie (D:8)
  3 gnolls (D:9)
  9 adders
  A shadow imp (D:7)
  A white imp (D:7)
  An ufetubus (D:5)
  An adder skeleton (D:4)
  A worm (D:2)
  A dart slug (D:3)
  21 orcs
  6 ball pythons
  9 endoplasms
  7 giant cockroaches
  5 goblins
  7 hobgoblins
  5 jackals
  3 quokkas
  7 bats
  5 frilled lizards
  25 kobolds
  5 rats
197 creatures vanquished.

Vanquished Creatures (collateral kills)
  2 hydras
  A two-headed ogre (D:10)
  A centaur zombie (D:8)
  A black mamba (Lair:1)
  A yak (D:11)
  A vampire (D:10)
  3 vampire mosquitoes (D:10)
  2 water moccasins (Lair:1)
  An orc warrior (D:10)
  A kobold brigand (D:8)
  4 killer bees (D:8)
  A howler monkey (D:8)
  An orc priest (D:11)
  2 orc wizards
  A gnoll (D:9)
  4 orcs
27 creatures vanquished.

Vanquished Creatures (others)
  3 ancestors
3 creatures vanquished.

Grand Total: 227 creatures vanquished

Notes
Turn   | Place    | Note
-------+----------+-------------------------------------------
     0 | D:1      | DocClef the Gnoll Fighter began the quest for the Orb.
     0 | D:1      | Reached XP level 1. HP: 23/23 MP: 1/1
   121 | D:1      | Reached XP level 2. HP: 29/29 MP: 2/2
  1007 | D:2      | Reached XP level 3. HP: 29/35 MP: 3/3
  1145 | D:2      | Found a shadowy altar of Dithmenos.
  1255 | D:2      | Found a faded altar of an unknown god.
  1310 | D:2      | Reached skill level 1 in Invocations
  1442 | D:3      | Reached skill level 1 in Short Blades
  1442 | D:3      | Reached skill level 1 in Long Blades
  1442 | D:3      | Reached skill level 1 in Axes
  1442 | D:3      | Reached skill level 1 in Polearms
  1442 | D:3      | Reached skill level 1 in Staves
  1442 | D:3      | Reached skill level 1 in Slings
  1442 | D:3      | Reached skill level 1 in Bows
  1442 | D:3      | Reached skill level 1 in Crossbows
  1442 | D:3      | Reached skill level 1 in Throwing
  1442 | D:3      | Reached skill level 1 in Dodging
  1442 | D:3      | Reached skill level 1 in Stealth
  1442 | D:3      | Reached skill level 1 in Unarmed Combat
  1442 | D:3      | Reached skill level 1 in Spellcasting
  1442 | D:3      | Reached skill level 1 in Evocations
  1572 | D:3      | Reached XP level 4. HP: 40/41 MP: 5/5
  1918 | D:3      | Found a runed translucent door.
  1918 | D:3      | Noticed Kranky's ghost (weakling GnWn)
  1944 | D:3      | Killed Kranky's ghost
  1945 | D:3      | Reached skill level 1 in Conjurations
  1945 | D:3      | Reached skill level 1 in Hexes
  1945 | D:3      | Reached skill level 1 in Summonings
  1945 | D:3      | Reached skill level 1 in Necromancy
  1945 | D:3      | Reached skill level 1 in Translocations
  1945 | D:3      | Reached skill level 1 in Transmutations
  1945 | D:3      | Reached skill level 1 in Fire Magic
  1945 | D:3      | Reached skill level 1 in Ice Magic
  1945 | D:3      | Reached skill level 1 in Air Magic
  1945 | D:3      | Reached skill level 1 in Earth Magic
  1945 | D:3      | Reached skill level 1 in Poison Magic
  1945 | D:3      | Reached XP level 5. HP: 22/47 MP: 6/6
  2392 | D:4      | Found Ciul's Assorted Antiques.
  2727 | D:4      | Reached XP level 6. HP: 17/53 MP: 8/8
  2732 | D:4      | Reached skill level 5 in Maces & Flails
  3513 | D:5      | Entered Level 5 of the Dungeon
  3921 | D:5      | Reached XP level 7. HP: 42/59 MP: 10/10
  4193 | D:6      | You fall into a shaft and drop 1 floor!
  4198 | D:7      | Found a sparkling altar of Nemelex Xobeh.
  4379 | D:6      | Got the Papyrus of Battle Magic
  4532 | D:6      | Reached XP level 8. HP: 46/67 MP: 12/12
  4648 | D:6      | Found Kypyjat's Fire Supplies.
  5142 | D:6      | Found a staircase to the Ecumenical Temple.
  5226 | Temple   | Entered the Ecumenical Temple
  5575 | Temple   | Became a worshipper of Hepliaklqana the Forgotten
  6247 | D:7      | Reached * piety under Hepliaklqana
  6661 | D:8      | Found an ancient bone altar of Kikubaaqudgha.
  6719 | D:8      | Identified the +1 robe of Grace {rElec Regen+ Dex+6}
  6726 | D:8      | Reached XP level 9. HP: 47/64 MP: 14/14
  7111 | D:9      | Noticed a green ugly thing
  8131 | D:9      | Noticed Grum
  8204 | D:8      | Gained mutation: You expend magic power (3 MP) to
                  | strengthen your wands. [potion of mutation]
  8204 | D:8      | Gained mutation: You are clumsy. (Dex -2) [potion of
                  | mutation]
  8207 | D:8      | HP: 2/66 [poisoned by a killer bee]
  8514 | D:8      | Lost mutation: You expend magic power (3 MP) to strengthen
                  | your wands. [potion of mutation]
  8514 | D:8      | Lost mutation: You are clumsy. (Dex -2) [potion of
                  | mutation]
  8514 | D:8      | Gained mutation: Your mind is acute. (Int +2) [potion of
                  | mutation]
  8527 | D:8      | Reached skill level 5 in Invocations
  9098 | D:9      | Reached XP level 10. HP: 42/72 MP: 17/17
  9515 | D:9      | Killed Grum
  9516 | D:9      | Reached skill level 5 in Short Blades
  9516 | D:9      | Reached skill level 5 in Long Blades
  9516 | D:9      | Reached skill level 5 in Axes
  9516 | D:9      | Reached skill level 5 in Polearms
  9516 | D:9      | Reached skill level 5 in Staves
  9516 | D:9      | Reached skill level 5 in Slings
  9516 | D:9      | Reached skill level 5 in Bows
  9516 | D:9      | Reached skill level 5 in Crossbows
  9516 | D:9      | Reached skill level 5 in Throwing
  9516 | D:9      | Reached skill level 5 in Dodging
  9516 | D:9      | Reached skill level 5 in Stealth
  9516 | D:9      | Reached skill level 5 in Unarmed Combat
  9516 | D:9      | Reached skill level 5 in Spellcasting
  9516 | D:9      | Reached skill level 5 in Evocations
  9646 | D:9      | Killed a green ugly thing
  9978 | D:9      | Identified the ring of Nobility {rC+ MP+9 EV+4 Str+2}
 10184 | D:9      | Reached ** piety under Hepliaklqana
 10185 | D:9      | Remembered your ancestor Cynebald as a knight
 10199 | D:9      | Found a runed translucent gate.
 10199 | D:9      | Found a runed translucent gate.
 10200 | D:9      | Found a runed translucent gate.
 10200 | D:9      | Noticed Sin92's ghost (journeyman MiFi)
 10208 | D:9      | Found a viscous altar of Jiyva.
 10358 | D:10     | Entered Level 10 of the Dungeon
 10367 | D:10     | Noticed an eight-headed hydra
 10374 | D:10     | Killed a six-headed hydra
 10875 | D:10     | Found a staircase to the Lair.
 11171 | D:10     | Noticed a two-headed ogre
 11176 | D:10     | Killed a two-headed ogre
 11177 | D:10     | Reached XP level 11. HP: 47/78 MP: 19/19
 11921 | D:11     | Reached skill level 5 in Conjurations
 11921 | D:11     | Reached skill level 5 in Hexes
 11921 | D:11     | Reached skill level 5 in Summonings
 11921 | D:11     | Reached skill level 5 in Necromancy
 11921 | D:11     | Reached skill level 5 in Translocations
 11921 | D:11     | Reached skill level 5 in Transmutations
 11921 | D:11     | Reached skill level 5 in Fire Magic
 11921 | D:11     | Reached skill level 5 in Ice Magic
 11921 | D:11     | Reached skill level 5 in Air Magic
 11921 | D:11     | Reached skill level 5 in Earth Magic
 11921 | D:11     | Reached skill level 5 in Poison Magic
 12376 | D:11     | Found a staircase to the Orcish Mines.
 12387 | D:11     | Noticed a two-headed ogre
 12528 | Lair:1   | Entered Level 1 of the Lair of Beasts
 12528 | Lair:1   | Reached *** piety under Hepliaklqana
 12895 | Lair:1   | Noticed a six-headed hydra
 12900 | Lair:1   | Killed a four-headed hydra
 13118 | Lair:1   | Identified the ring of the Endless Expanse {rN+ Int+4 SInv}
 13344 | Lair:1   | Mangled by a black mamba

Illustrated notes

Levels and vault maps discovered:
D:1:      ncdulo_watergridlock, layout_loops_corners
D:2:      layout_rooms, basic_ecumenical_altar, basic_altar, minmay_fountain_box
D:3:      layout_rooms, gammafunk_ghost_grave
D:4:      layout_cave_pods, serial_shops, nicolae_shop_statue_plus
D:5:      layout_cave_pools
D:6:      layout_basic, minmay_temple_entry_fiery, nicolae_shop_fire_sale
          [nicolae_sub_dead_trees]
D:7:      layout_gridville, mainiacjoe_overflow_six_doors_small
D:8:      layout_rooms, amcnicky_altar_gilded
D:9:      layout_cave_pools, gammafunk_ghost_ooze, uniq_grum
D:10:     layout_irregular_city, erik_lair_orcish_takeover
D:11:     layout_stronghold, erik_orc_1, chequers_serial_rivers_large_a,
          water_boxes_lemuel
Temple:   mainiacjoe_temple_cubbyholes
Lair:1:   minmay_guarded_unrand_snakebite, layout_regular_city

Skill      XL: |  1  2  3  4  5  6  7  8  9 10 11 |
---------------+----------------------------------+-----
Invocations    | 1 2 3 4 5 6 7 |  7.0
Short Blades   | 1 2 3 4 5 6 |  6.3
Long Blades    | 1 2 3 4 5 6 |  6.3
Axes           | 1 2 3 4 5 6 |  6.3
Polearms       | 1 2 3 4 5 6 |  6.3
Staves         | 1 2 3 4 5 6 |  6.3
Slings         | 1 2 3 4 5 6 |  6.3
Bows           | 1 2 3 4 5 6 |  6.3
Crossbows      | 1 2 3 4 5 6 |  6.3
Throwing       | 1 2 3 4 5 6 |  6.3
Dodging        | 1 2 3 4 5 6 |  6.3
Stealth        | 1 2 3 4 5 6 |  6.3
Unarmed Combat | 1 2 3 4 5 6 |  6.3
Spellcasting   | 1 2 3 4 5 6 |  6.3
Evocations     | 1 2 3 4 5 6 |  6.3
Conjurations   | 1 2 3 4 5 |  5.2
Hexes          | 1 2 3 4 5 |  5.2
Summonings     | 1 2 3 4 5 |  5.2
Necromancy     | 1 2 3 4 5 |  5.2
Translocations | 1 2 3 4 5 |  5.2
Transmutations | 1 2 3 4 5 |  5.2
Fire Magic     | 1 2 3 4 5 |  5.2
Ice Magic      | 1 2 3 4 5 |  5.2
Air Magic      | 1 2 3 4 5 |  5.2
Earth Magic    | 1 2 3 4 5 |  5.2
Poison Magic   | 1 2 3 4 5 |  5.2
Maces & Flails | 5 6 7 |  7.9
Fighting       | 7 8 9 |  9.2
Armour         | 7 8 9 |  9.2
Shields        | 7 8 9 |  9.2

Action                   |  1- 3 |  4- 6 |  7- 9 | 10-12 || total
-------------------------+-------+-------+-------+-------++-------
Melee: Flail             |    35 |       |       |       ||    35
       Bite              |     4 |     8 |    13 |    18 ||    43
       Hand axe          |    64 |   129 |   148 |       ||   341
       Triple sword      |       |       |    17 |   177 ||   194
Throw: Javelin           |       |       |       |     4 ||     4
Invok: Recall Ancestor   |       |       |     3 |       ||     3
       Ancestor Life: Kn |       |       |       |     1 ||     1
  Use: Scroll            |       |       |    14 |     2 ||    16
       Potion            |       |       |     3 |       ||     3
 Stab: Sleeping          |     2 |     4 |     2 |     6 ||    14
       Distracted        |       |       |     1 |     2 ||     3
Armor: Scale mail        |     8 |       |       |       ||     8
       Steam dragon scal |    36 |    48 |    98 |   111 ||   293
Dodge: Dodged            |    53 |    51 |   179 |   314 ||   597
Block: Buckler           |    26 |    48 |    59 |       ||   133
